Map: Ever Dream LE

Players

YoutubeTY (TY)

  • Race: Terran Terran
  • League: Master
  • Spawn Location: 1:00

Serral - Winner!

  • Race: Zerg Zerg
  • Spawn Location: 7:00

Event: DreamHack SC2 Masters 2020 Summer Season Finals

VOD

Have the link to the VOD?

Description

Time

  • Played on: July 18, 2020, 12:20 p.m.
  • Length: 10:34

All games in this series

Show
View Real Time Build Order
Export as new Build Order

YoutubeTY Terran 

Build Orders: Reaper Expand, Hellion Banshee 

Get SALT Encoding   

  12  0:00  SCV  
  13  0:13  SCV  
  14  0:17  Supply Depot  
  14  0:25  SCV  
  15  0:38  SCV  
  15  0:40  Barracks  
  16  0:43  Refinery  
  16  0:50  SCV  
  17  1:03  SCV  
  18  1:15  SCV  
  19  1:27  Reaper  
  19  1:29  Orbital Command  
  20  1:38  Command Center  
  20  1:48  Supply Depot  
  20  1:55  SCV  
  20  1:59  Marine  
  22  2:04  Factory  
  22  2:07  SCV  
  23  2:19  Barracks Reactor  
  24  2:26  SCV  
  24  2:38  SCV  
  24  2:41  Command Center  
  25  2:50  Orbital Command, SCV  
  26  2:57  Starport  
  26  3:02  SCV  
  26  3:03  Hellion  
  29  3:11  Hellion  
  29  3:12  Refinery  
  31  3:15  SCV  
  31  3:16  SCV  
  31  3:19  Barracks Tech Lab  
  33  3:26  Hellion  
  34  3:27  SCV  
  34  3:32  Hellion  
  37  3:36  SCV  
  37  3:39  SCV  
  39  3:43  Banshee  
  39  3:48  SCV  
  43  3:51  SCV  
  43  3:52  Barracks Tech Lab  
  43  3:53  Orbital Command  
  46  3:56  Hellion  
  46  4:00  SCV  
  47  4:02  Supply Depot  
  47  4:03  SCV  
  47  4:05  Hellion  
  50  4:10  Marine  
  50  4:12  SCV  
  50  4:14  Orbital Command  
  50  4:15  SCV  
  53  4:19  Cloaking Field  
  53  4:24  SCV  
  53  4:26  Banshee  
  53  4:28  SCV  
  58  4:31  Barracks  
  58  4:35  Marine  
  58  4:36  SCV  
  60  4:39  Factory Reactor  
  60  4:41  SCV x2, Barracks  
  62  4:47  Supply Depot  
  62  4:48  Supply Depot, SCV  
  63  4:53  SCV x2  
  63  4:54  Marine  
  63  4:55  Refinery  
  66  5:01  SCV  
  66  5:02  Engineering Bay x2  
  66  5:05  SCV  
  66  5:06  SCV  
  69  5:07  Supply Depot  
  69  5:12  Marine  
  69  5:13  SCV  
  71  5:17  SCV  
  71  5:18  SCV  
  71  5:19  Marine x2  
  75  5:23  Factory Reactor  
  75  5:25  SCV  
  75  5:26  Supply Depot  
  77  5:29  Marine  
  77  5:30  SCV  
  77  5:31  Terran Infantry Weapons Level 1, Terran Infantry Armor Level 1  
  78  5:35  Supply Depot, Marine  
  78  5:36  Marine  
  78  5:37  Marine x2  
  82  5:44  SCV x2  
  82  5:47  Marine  
  82  5:49  SCV  
  86  5:50  Armory  
  86  5:52  Starport Reactor  
  86  5:53  Marine x2  
  86  5:56  SCV x2  
  90  6:00  Barracks x2  
  90  6:01  Marine x2  
  90  6:03  Supply Depot, SCV  
  93  6:05  Supply Depot  
  93  6:06  Hellion x2  
  93  6:08  SCV  
  93  6:09  Marine  
  99  6:11  Marine  
  99  6:13  SCV  
  99  6:15  SCV  
  99  6:18  Marine  
  102  6:20  SCV  
  102  6:21  Stimpack  
  102  6:25  SCV  
  106  6:27  SCV  
  106  6:28  Medivac x2  
  106  6:30  Command Center  
  106  6:31  Marine x2  
  112  6:33  Widow Mine  
  112  6:35  Combat Shield  
  112  6:36  Marine  
  116  6:44  Bunker, SCV  
  116  6:45  Supply Depot, SCV  
  116  6:46  SCV  
  119  6:49  Marine x2  
  122  6:55  Barracks Reactor x2  
  120  7:04  Marine x2  
  120  7:06  Supply Depot x2, Widow Mine x2  
  120  7:07  Marine  
  126  7:08  Refinery  
  126  7:11  Medivac  
  126  7:13  Marine  
  126  7:16  Refinery  
  126  7:19  Sensor Tower, SCV x3  
  126  7:22  Marine  
  130  7:25  Marine x2  
  134  7:30  Widow Mine x2  
  134  7:31  Marine, SCV  
  134  7:33  Marine x3  
  134  7:34  SCV x2  
  143  7:39  Medivac  
  143  7:40  Marine x2  
  143  7:41  Barracks  
  143  7:42  Marine x2, Barracks  
  149  7:46  Barracks  
  149  7:49  Marine, SCV x2  
  149  7:50  SCV  
  149  7:51  Factory, Marine x2  
  155  7:58  Marine x3  
  156  8:00  Marine  
  158  8:06  Widow Mine x2  
  158  8:08  Marine, SCV x2  
  158  8:09  Marine x3, Planetary Fortress  
  155  8:12  Medivac  
  155  8:16  Marine  
  154  8:24  Marine x3  
  154  8:26  Marine, SCV x2  
  160  8:27  Marauder x2  
  164  8:37  Supply Depot  
  164  8:38  Supply Depot x3  
  164  8:39  Sensor Tower, Factory Tech Lab  
  164  8:40  Marine, Medivac  
  164  8:49  Barracks Reactor  
  164  8:53  Barracks Tech Lab x2  
  164  8:58  Marine x6, Medivac  
  165  9:03  SCV x2  
  165  9:04  Command Center  
  165  9:05  Widow Mine x2, Drilling Claws  
  165  9:06  Widow Mine  
  165  9:09  Marauder, Marine  
  174  9:14  Marine x2  
  174  9:15  Marine  
  174  9:16  Marine  
  176  9:19  Marine x2  
  176  9:23  SCV x2  
  176  9:24  SCV  
  174  9:31  Marine x3  
  174  9:32  Marine x5  
  174  9:33  Marine  
  174  9:34  Refinery  
  174  9:35  Refinery  
  174  9:36  SCV  
  177  9:47  Widow Mine x2  
  177  9:50  Marauder x2  
  177  9:51  Marauder, Marine x2  
  177  9:52  Marauder, Marine x2  
  192  9:59  Marine x4  
  196  10:15  Marine x3  
  196  10:16  SCV  
  196  10:17  SCV x2  
Show
View Real Time Build Order
Export as new Build Order

Serral Zerg - Winner!

Build Orders: Hatch First 

Get SALT Encoding   

  12  0:00  Drone  
  13  0:13  Overlord  
  13  0:16  Drone  
  14  0:31  Drone x2  
  16  0:48  Hatchery  
  15  0:51  Drone  
  15  0:55  Drone  
  17  0:59  Drone  
  18  1:10  Extractor  
  17  1:15  Spawning Pool  
  17  1:18  Drone  
  17  1:21  Drone  
  18  1:28  Drone  
  19  1:39  Drone  
  20  1:49  Overlord  
  20  2:01  Queen x2  
  20  2:02  Zergling x4  
  26  2:11  Drone x2  
  26  2:14  Metabolic Boost  
  28  2:21  Drone  
  28  2:22  Drone  
  30  2:37  Hatchery  
  30  2:40  Drone  
  30  2:46  Queen  
  30  2:51  Overlord  
  31  2:53  Drone  
  31  2:56  Drone  
  33  2:58  Drone  
  33  3:01  Drone  
  35  3:11  Drone x3  
  35  3:12  Drone  
  39  3:13  Overlord  
  39  3:17  Drone  
  40  3:24  Drone  
  40  3:26  Queen  
  41  3:28  Overlord  
  43  3:37  Zergling x4  
  43  3:40  Drone x2  
  47  3:41  Overlord  
  47  3:45  Zergling x2  
  48  3:48  Queen  
  48  3:49  Zergling x2  
  48  3:50  Drone  
  52  3:56  Drone  
  52  3:59  Drone x3  
  52  4:02  Queen  
  56  4:06  Drone x2  
  56  4:08  Overlord  
  60  4:13  Zergling x4  
  60  4:14  Drone x3  
  65  4:21  Overlord  
  65  4:22  Drone  
  66  4:24  Extractor  
  66  4:27  Evolution Chamber  
  66  4:29  Zergling x2  
  66  4:30  Evolution Chamber, Drone, Spore Crawler  
  64  4:35  Zergling x4  
  64  4:37  Drone x2  
  68  4:42  Drone x2  
  68  4:43  Drone  
  71  4:46  Drone x2, Overlord  
  71  4:47  Drone  
  74  4:53  Overlord  
  74  4:54  Drone  
  74  4:56  Zerg Melee Weapons Level 1, Zerg Ground Armor Level 1  
  74  4:57  Drone  
  76  5:01  Drone x3  
  76  5:05  Extractor, Zergling x2  
  79  5:08  Drone x2  
  79  5:11  Overlord  
  79  5:12  Zergling x2  
  79  5:13  Drone  
  83  5:15  Lair  
  82  5:22  Hatchery  
  82  5:24  Baneling Nest  
  82  5:25  Drone, Extractor  
  82  5:27  Drone x2  
  82  5:28  Drone  
  82  5:29  Drone  
  82  5:30  Drone  
  82  5:33  Drone  
  86  5:39  Spore Crawler  
  86  5:41  Spore Crawler  
  86  5:42  Spore Crawler  
  82  5:45  Zergling x10  
  86  5:50  Drone  
  86  5:54  Zergling x12, Extractor  
  91  6:02  Drone x3  
  91  6:09  Drone  
  91  6:10  Drone  
  93  6:12  Overseer  
  93  6:14  Overseer  
  93  6:15  Centrifical Hooks, Drone  
  94  6:18  Overlord  
  94  6:21  Drone  
  94  6:23  Overlord  
  94  6:25  Zergling x16  
  103  6:30  Pneumatized Carapace  
  103  6:33  Drone  
  103  6:34  Queen  
  103  6:36  Zergling x4  
  108  6:40  Overlord  
  108  6:49  Baneling x10  
  108  6:50  Drone x7  
  115  6:57  Hydralisk Den  
  115  6:59  Overlord  
  113  7:05  Drone x2  
  115  7:09  Spore Crawler  
  115  7:10  Drone x2  
  115  7:16  Overlord, Zergling x20  
  115  7:18  Zerg Melee Weapons Level 2, Zerg Ground Armor Level 2  
  115  7:20  Baneling x4  
  125  7:25  Overlord  
  125  7:29  Muscular Augments  
  125  7:31  Drone x2  
  125  7:32  Drone x4  
  131  7:37  Overlord  
  131  7:43  Hatchery  
  128  7:46  Zergling x14  
  133  7:55  Drone  
  133  7:57  Spawning Pool  
  128  8:07  Zergling x22  
  127  8:20  Hydralisk x8  
  143  8:30  Unknown  
  143  8:33  Hydralisk x3  
  149  8:34  Zergling x10  
  149  8:40  Grooved Spines  
  153  8:43  Drone  
  153  8:45  Drone  
  153  8:46  Hydralisk x2  
  153  8:47  Zergling x6  
  160  8:53  Drone x3, Extractor  
  162  8:59  Zergling x22  
  172  9:04  Overseer  
  172  9:05  Baneling x3  
  172  9:06  Baneling x4  
  172  9:10  Hydralisk  
  172  9:12  Overlord x2  
  172  9:15  Overlord  
  172  9:16  Overseer  
  174  9:23  Infestation Pit  
  172  9:24  Overlord  
  172  9:30  Drone x2  
  174  9:32  Spore Crawler  
  174  9:33  Drone, Spine Crawler  
  174  9:34  Baneling x15  
  174  9:35  Baneling x3, Spine Crawler  
  172  9:43  Hatchery, Hydralisk  
  172  9:44  Zergling x26  
  189  9:46  Overseer  
  189  9:54  Overseer  
  189  9:55  Zergling x8  
  189  9:59  Baneling x8  
  199  10:07  Drone x11  
Tags
 
Add a new tag
Caveats
  • Supply blocks, unpowered buildings, or Contaminate may cause inaccurate times.
  • Supply counts are checked every 10 seconds.